 Dungeon Crawl Stone Soup version 0.21-a0-185-g3a6ed1e (webtiles) character file.

6330 namelastname112 the Fighter (level 10, -4/142 HPs)
             Began as a Yellow Draconian Wanderer on Aug 12, 2017.
             Was an Initiate of Gozag.
             Killed from afar by namelastname112's ghost (16 damage)
             ... with a stone arrow
             ... on level 10 of the Dungeon.
             The game lasted 00:11:34 (8957 turns).

namelastname112 the Fighter (DrWn)                  Turns: 8957, Time: 00:11:35

Health: -4/142     AC: 30    Str: 15    XL:     10   Next: 64%
Magic:  15/15      EV:  2    Int: 12    God:    Gozag
Gold:   536        SH:  0    Dex: 17    Spells: 9/9 levels left

rFire    + . .     SeeInvis +   L - +1 whip (elec)
rCold    . . .     Gourm    .   (no shield)
rNeg     + + +     Faith    .   (armour unavailable)
rPois    +         Spirit   .   (helmet currently unavailable)
rElec    .         Reflect  .   (cloak currently unavailable)
rCorr    .         Harm     .   (gloves currently unavailable)
MR       .....     NoTele   +   (boots currently unavailable)
Stlth    ++........             (no amulet)
HPRegen  0.33/turn              x - +5 ring of protection
MPRegen  0.14/turn              F - ring "Wieckais" {*Drain rF+ Int+3 Slay+3}

@: tree-form, extremely drained
A: (spit acid), (acid resistance), unfitting armour, see invisible, AC +7
a: Potion Petition, Call Merchant, Bribe Branch, Renounce Religion


You were on level 10 of the Dungeon.
You worshipped Gozag.
Gozag was pleased with you.
You were hungry.
You were a tree.
You visited 2 branches of the dungeon, and saw 11 of its levels.
You also visited: Sewer.

You collected 894 gold pieces.
You spent 170 gold pieces at shops.
You paid 188 gold pieces to Gozag.

Inventory:

Hand Weapons
 a - a +2 quarterstaff
 L - a +1 whip of electrocution (weapon)
Missiles
 K - a throwing net (quivered)
Armour
 k - a +0 pair of gloves (melded)
 y - a +0 cloak (melded)
 D - a +0 pair of boots (melded)
Magical Staves
 E - an uncursed staff of wizardry
Jewellery
 g - an uncursed amulet of harm
 u - an uncursed ring of wizardry
 x - a +5 ring of protection (left branch)
 F - the ring "Wieckais" (right branch) {*Drain rF+ Int+3 Slay+3}
   (You bought it in a shop on level 6 of the Dungeon)

   [ring of protection from fire]

   It affects your intelligence (+3).
   It affects your accuracy and damage with ranged weapons and melee attacks
   (+3).
   It protects you from fire.
   It causes draining when unequipped.
 H - an uncursed ring of poison resistance
Wands
 A - a wand of confusion (11/48)
 J - a wand of disintegration (24/24)
 M - a wand of random effects (34/48)
Scrolls
 d - 6 scrolls of identify
 i - 6 scrolls of teleportation
 r - 5 scrolls of remove curse
 t - 2 scrolls of magic mapping
 B - 2 scrolls of blinking
 G - a scroll of enchant weapon
 I - a scroll of fear
Potions
 b - a potion of lignification
 c - 5 potions of curing
 e - a potion of haste
 h - 2 potions of might
 l - 6 potions of flight
 n - 2 potions of invisibility
 o - a potion of agility
 q - a potion of ambrosia
 w - 3 potions of brilliance
 z - 4 potions of heal wounds
 N - a potion of magic {unknown}
Books
 v - a book of Misfortune

   Spells                             Type                      Level
   a - Confusing Touch                Hexes                        1
   b - Confuse                        Hexes                        3
   c - Gell's Gravitas                Translocation                3
   d - Petrify                        Transmutation/Earth          4
   e - Metabolic Englaciation         Hexes/Ice                    5
   f - Yara's Violent Unravelling     Hexes/Transmutation          5
Comestibles
 f - 3 bread rations
 j - 3 royal jellies
 m - 3 meat rations


   Skills:
 + Level 11.1(3.0) Fighting
 - Level 3.0(0.0) Staves
 + Level 9.2(1.5) Dodging
 - Level 1.7(0.0) Stealth
   Level 1.0(0.0) Shields
 - Level 1.0(0.0) Unarmed Combat
 + Level 7.8(0.4) Evocations


You had 9 spell levels left.
You didn't know any spells.

Dungeon Overview and Level Annotations

Branches:
Dungeon (10/15)            Temple (1/1) D:7             Orc (0/2) D:9
   Lair: D:8-11

Altars:
Ashenzari
Cheibriados
Dithmenos
Elyvilon
Fedhas
Gozag
Hepliaklqana
Kikubaaqudgha
Makhleb
Nemelex Xobeh
Okawaru
Qazlal
Ru
Sif Muna
Trog
Uskayaw
Vehumet
Wu Jian
Xom
Yredelemnul
Zin
The Shining One

Shops:
D:5 }   D:6 *

Annotations:
D:2 exclusion: oklob plant
D:6 Kite's ghost, novice MiBe
D:10 namelastname112's ghost, journeyman DrWn


Innate Abilities, Weirdness & Mutations

((You can spit globs of acid.))
((You are resistant to acid.))
((Your golden yellow scales are hard. (AC +7)))
You cannot fit into any form of body armour.
((You are cold-blooded and may be slowed by cold attacks.))
((You have a pair of small antennae on your head.))
You have supernaturally acute eyesight. (SInv)


Message History

The stone arrow hits you!
* * * LOW HITPOINT WARNING * * *
You take 28 damage, and have 12/142 hp.
You miss namelastname112's ghost.
Namelastname112's ghost is almost destroyed.
Namelastname112's ghost hits you but does no damage.
You hit namelastname112's ghost.
Namelastname112's ghost is almost destroyed.
Namelastname112's ghost hits you.
* * * LOW HITPOINT WARNING * * *
You take 1 damage, and have 11/142 hp.
You hit namelastname112's ghost but do no damage.
Namelastname112's ghost is almost destroyed.
Namelastname112's ghost hits you but does no damage.
You miss namelastname112's ghost.
Namelastname112's ghost is almost destroyed.
Namelastname112's ghost points at you and mumbles some strange words.
The stone arrow hits you!
You die...
Your body crumbles into a pile of gold.

###[..#....(....#
........#.......#
....###.....#####
#..###..###.....#
#..###.##
#####.##
........# #..#
#.#####.# ##.#
#.# #.# #.# #♣#
..# #W# ### #.. #
#### ## ..


You could see namelastname112's ghost.

Vanquished Creatures
  2 two-headed ogres (D:9)
  A cyclops (D:9)
  3 hippogriffs
  A vampire (D:10)
  A human (D:7)
  4 hogs (D:7)
  2 hungry ghosts
  A black bear (D:7)
  3 ice beasts
  2 phantoms (D:7)
  A hornet zombie (D:10)
  A sky beast (D:7)
  6 ogres
  2 centaurs
  A big kobold (Sewer)
  5 bullfrogs
  3 scorpions
  A wyvern skeleton (D:9)
  A howler monkey (D:5)
  2 crimson imps
  A quasit (D:7)
  2 bullfrog zombies (D:7)
  3 hounds (D:7)
  2 jellies
  6 orc wizards
  2 bullfrog skeletons
  An orc priest (D:7)
  A centaur skeleton (D:5)
  2 iguanas
  3 worker ants (D:5)
  A killer bee zombie (D:8)
  A hound skeleton (D:4)
  10 adders
  6 gnolls
  2 river rats (Sewer)
  A shadow imp (D:10)
  An ooze (D:3)
  An adder zombie (D:5)
  3 worms
  3 dart slugs
  9 leopard geckos
  17 orcs
  11 giant cockroaches
  12 goblins
  13 hobgoblins
  4 jackals
  4 quokkas
  3 ball pythons
  5 bats
  6 frilled lizards
  11 kobolds
  A leopard gecko zombie (D:4)
  A quokka skeleton (D:7)
  7 rats
199 creatures vanquished.

Vanquished Creatures (others)
  2 fungi (D:6)
  3 plants (D:6)
5 creatures vanquished.

Grand Total: 204 creatures vanquished

Notes
Turn   | Place    | Note
-------+----------+-------------------------------------------
     0 | D:1      | namelastname112 the Draconian Wanderer began the quest for the Orb.
     0 | D:1      | namelastname112 set off with: a +2 quarterstaff, a potion of lignification, a potion of curing, a +0 dagger, a bread ration
     0 | D:1      | Reached XP level 1. HP: 17/17 MP: 1/1
    29 | D:1      | Reached XP level 2. HP: 24/25 MP: 2/2
   201 | D:1      | Reached skill level 3 in Fighting
   378 | D:1      | Reached XP level 3. HP: 31/31 MP: 3/3
   790 | D:2      | Reached XP level 4. HP: 15/38 MP: 4/4
  1049 | D:2      | Found a blossoming altar of Fedhas.
  1062 | D:2      | Noticed an oklob plant
  1360 | D:2      | Reached skill level 4 in Fighting
  1633 | D:3      | Found a hazy altar of Hepliaklqana.
  1768 | D:3      | Reached XP level 5. HP: 47/47 MP: 5/5
  2186 | D:4      | Noticed an ogre
  2206 | D:5      | Entered Level 5 of the Dungeon
  2456 | D:4      | Killed an ogre
  2456 | D:4      | Reached skill level 5 in Fighting
  2456 | D:4      | Reached XP level 6. HP: 32/56 MP: 6/6
  2716 | D:4      | Found a hide-covered altar of Uskayaw.
  3034 | D:5      | Noticed an ice beast
  3040 | D:5      | Killed an ice beast
  3040 | D:5      | Reached skill level 6 in Fighting
  3040 | D:5      | Your scales start taking on a golden yellow colour.
  3040 | D:5      | Reached XP level 7. HP: 63/63 MP: 7/7
  3081 | D:5      | Reached skill level 5 in Dodging
  3161 | D:5      | Reached skill level 7 in Fighting
  3346 | D:5      | Found Ulloahee's Gadget Boutique.
  3440 | D:5      | Found a bloodstained altar of Trog.
  3737 | D:5      | Reached skill level 1 in Evocations
  3904 | D:5      | Gained mutation: You possess an exceptional clarity of mind. [potion of mutation]
  3904 | D:5      | Gained mutation: You have supernaturally acute eyesight. (SInv) [potion of mutation]
  3904 | D:5      | Lost mutation: You possess an exceptional clarity of mind. [potion of mutation]
  3904 | D:5      | Gained mutation: You have a pair of small antennae on your head. [potion of mutation]
  3925 | D:5      | Reached XP level 8. HP: 66/73 MP: 8/8
  4036 | D:6      | Noticed Kite's ghost (novice MiBe)
  4167 | D:6      | Found a glowing drain.
  4171 | Sewer    | Entered a sewer
  4401 | Sewer    | Found a white marble altar of Elyvilon.
  4513 | D:6      | Found Kayst's Assorted Antiques.
  4867 | D:7      | Noticed a hippogriff
  4882 | D:7      | Killed a hippogriff
  4882 | D:7      | Reached skill level 8 in Fighting
  5114 | D:6      | Bought a brightly glowing bronze ring for 170 gold pieces
  5243 | D:6      | Found an iron altar of Okawaru.
  5330 | D:6      | Found a sacrificial altar of Ru.
  5615 | D:7      | Reached XP level 9. HP: 78/82 MP: 12/12
  5692 | D:7      | Found a staircase to the Ecumenical Temple.
  5855 | D:7      | Reached skill level 9 in Fighting
  5969 | D:7      | Found a white marble altar of Elyvilon.
  5970 | D:7      | Found a glowing golden altar of the Shining One.
  5973 | D:7      | Found a glowing silver altar of Zin.
  6105 | D:7      | Reached skill level 5 in Evocations
  6443 | D:8      | Identified the ring "Wieckais" {*Drain rF+ Int+3 Slay+3} (You bought it in a shop on level 6 of the Dungeon)
  6708 | D:8      | Found a stormy altar of Qazlal.
  6753 | D:8      | Reached skill level 10 in Fighting
  7122 | Temple   | Entered the Ecumenical Temple
  7196 | Temple   | Became a worshipper of Gozag Ym Sagoz the Greedy
  7331 | D:9      | Noticed a cyclops
  7550 | D:9      | Killed a cyclops
  7550 | D:9      | Reached XP level 10. HP: 25/93 MP: 14/14
  7899 | D:9      | Found a shadowy altar of Dithmenos.
  8011 | D:9      | Noticed a two-headed ogre
  8018 | D:9      | Killed a two-headed ogre
  8058 | D:9      | Found a sparkling altar of Nemelex Xobeh.
  8222 | D:9      | Noticed a two-headed ogre
  8228 | D:9      | Killed a two-headed ogre
  8241 | D:9      | Reached skill level 11 in Fighting
  8384 | D:9      | Found a staircase to the Orcish Mines.
  8440 | D:10     | Entered Level 10 of the Dungeon
  8532 | D:10     | Noticed namelastname112's ghost (journeyman DrWn)
  8957 | D:10     | Killed from afar by namelastname112's ghost

Vault maps used:
D:1:      lightli_molten_gateway
D:2:      tgw_fedhas, minmay_misc_feat_diagonals, kennysheep_generic_room_6
D:3:      lemuel_crystal_altar, first_bread
D:4:      cheibrodos_greedy_goblins, eat_drink_and_be_merry_uskayaw
D:5:      old_standard_altar, serial_shops, shop_fountains,
          minmay_misc_feat_square
D:6:      nicolae_ru_the_path_less_chosen, okawaru_altar_gauntlet_db,
          serial_shops, nicolae_shop_overgrown_old_shop, gup_sewer_entry_bowl
D:7:      good_gods_temple_1, minmay_temple_entry_crystal_x, grunt_livestock,
          minivault_11
D:8:      nicolae_qazlal_general_emergency
D:9:      nemelex_xobeh_ov_fountains_minmay, kennysheep_mini, orc_0_dummy
D:10:     kennysheep_generic_room_15
Temple:   compressed_dpeg_circular_temple
Sewer:    sewer_kobolds

Skill      XL: |  1  2  3  4  5  6  7  8  9 10 |
---------------+-------------------------------+-----
Fighting       | 3 4 5 6 7 8 10 11 | 11.1
Dodging        | 2 3 4 5 6 8 9 |  9.2
Evocations     | 1 4 6 7 |  7.8
Staves         | |  3.0
Stealth        | |  1.7
Shields        | |  1.0
Unarmed Combat | |  1.0

Action                   |  1- 3 |  4- 6 |  7- 9 | 10-12 || total
-------------------------+-------+-------+-------+-------++-------
Melee: Quarterstaff      |    59 |   149 |   353 |       ||   561
       Tailslap          |     4 |    16 |    54 |    12 ||    86
       Whip              |       |       |    17 |   107 ||   124
       Punch             |       |       |     1 |       ||     1
 Abil: Breathe Acid      |       |       |     5 |     4 ||     9
  Use: Potion            |       |     1 |     2 |     1 ||     4
       Scroll            |       |       |    18 |     5 ||    23
 Stab: Sleeping          |     5 |     3 |     2 |     1 ||    11
  Eat: Chunk             |       |     5 |    11 |       ||    16
       Royal jelly       |       |     1 |     2 |     1 ||     4
       Fruit             |       |       |     1 |     2 ||     3
       Bread ration      |       |       |       |     1 ||     1
Armor: Skin              |    18 |    63 |   153 |    56 ||   290
Dodge: Dodged            |    34 |   159 |   327 |    75 ||   595
